 Dungeon Crawl Stone Soup version 0.21.0-24-g2553a33 (webtiles) character file.

47 Hubbles the Cudgeler (level 3, 0/21 HPs)
             Began as a Kobold Skald on Jan 19, 2018.
             Succumbed to an adder's poison
             ... on level 1 of the Dungeon.
             The game lasted 00:02:16 (1616 turns).

Hubbles the Cudgeler (Kobold Skald)                 Turns: 1616, Time: 00:02:17

Health: 0/21       AC:  5    Str:  9    XL:     3   Next: 97%
Magic:  6/6        EV: 13    Int: 14    God:
Gold:   38         SH:  0    Dex: 14    Spells: 5/6 levels left

rFire    . . .     SeeInvis .   a - +0 mace
rCold    . . .     Gourm    .   (shield restricted)
rNeg     . . .     Faith    .   e - +0 ring mail (curse)
rPois    .         Spirit   .   (no helmet)
rElec    .         Reflect  .   (no cloak)
rCorr    +         Harm     .   (no gloves)
MR       .....                  (no boots)
Stlth    +.........             (no amulet)
HPRegen  0.07/turn              j - ring of resist corrosion
MPRegen  0.10/turn              (no ring)

@: lethally poisoned (0 -> -4), flying
A: small, carnivore
a: no special abilities


You were on level 1 of the Dungeon.
You were completely stuffed.

You visited 1 branch of the dungeon, and saw 2 of its levels.

You collected 38 gold pieces.

Inventory:

Hand Weapons
 a - a +0 mace (weapon)
Armour
 e - a cursed +0 ring mail (worn)
Jewellery
 j - a ring of resist corrosion (left hand)
Scrolls
 h - 2 scrolls of magic mapping
 i - a scroll of identify
 k - a scroll of teleportation
Books
 c - a book of Battle

   Spells                             Type                      Level
   a - Infusion                       Charms                       1
   b - Shroud of Golubria             Charms/Translocation         2
   c - Song of Slaying                Charms                       2
   d - Spectral Weapon                Hexes/Charms                 3
   e - Regeneration                   Charms/Necromancy            3
Comestibles
 d - 4 rations
 f - 3 chunks of flesh


   Skills:
 - Level 2.1 Fighting
 * Level 3.1 Maces & Flails
 + Level 1.6 Armour
 - Level 2.4 Dodging
 - Level 2.1 Spellcasting
 - Level 2.4 Charms


You had 5 spell levels left.
You knew the following spells:

 Your Spells              Type           Power        Failure   Level  Hunger
a - Infusion              Chrm           #...         24%         1    #......


Dungeon Overview and Level Annotations

Branches:
Dungeon (2/15)

Altars:
Ru
Xom


Innate Abilities, Weirdness & Mutations

You are small and have problems with some larger weapons.
You are carnivorous and can eat meat at any time.


Message History

You feel sick.
There is an escape hatch in the ceiling here.
* * * LOW HITPOINT WARNING * * *
You feel sick. A mysterious force pulls you upwards.
The hatch slams shut behind you.
* * * LOW HITPOINT WARNING * * *
You feel sick.
Unknown command.
Okay, then.
Okay, then.
You feel very buoyant.
You fly up into the air.
* * * LOW HITPOINT WARNING * * *
You feel sick.
* * * LOW HITPOINT WARNING * * *
You feel sick.
You see here a mace.
* * * LOW HITPOINT WARNING * * *
You feel sick.
You die...

################
#######...## ##########
#.......#..#
#.....>..############.#
###.########.)# #.# ##...#
#.(# #.# ###..### #'## #.#
....###########.######## #.#
............)...@......###.#
.####################...##.#
.....## #...####.# ......###
####.### #.# #####...#
#....# ####.#### ###.#
##.#### #.......# #.## ##..#
#.......# #..# ##..##
#.......# ## ##.# #..##
#.......#


There were no monsters in sight!

Vanquished Creatures
  An adder (D:2)
  An ooze (D:1)
  A dart slug (D:1)
  A leopard gecko (D:2)
  2 ball pythons (D:1)
  3 giant cockroaches
  5 goblins
  4 hobgoblins
  3 jackals (D:1)
  A bat (D:1)
  4 frilled lizards
  A kobold (D:1)
  2 rats (D:1)
29 creatures vanquished.

Notes
Turn   | Place    | Note
-------+----------+-------------------------------------------
     0 | D:1      | Hubbles the Kobold Skald began the quest for the Orb.
     0 | D:1      | Reached XP level 1. HP: 12/12 MP: 3/3
   245 | D:1      | Reached skill level 2 in Maces & Flails
   252 | D:1      | Reached skill level 1 in Armour
   252 | D:1      | Reached XP level 2. HP: 11/17 MP: 5/5
   380 | D:1      | Found a shimmering altar of Xom.
   984 | D:1      | Reached XP level 3. HP: 20/21 MP: 6/6
  1336 | D:1      | Found a sacrificial altar of Ru.
  1417 | D:2      | Reached skill level 3 in Maces & Flails
  1613 | D:1      | HP: 1/21 [poisoned by an adder]
  1616 | D:1      | Succumbed to an adder's poison

Skill      XL: |  1  2  3 |
---------------+----------+-----
Maces & Flails | 2 3 |  3.1
Armour         | 1 |  1.6
Fighting       | |  2.1
Dodging        | |  2.4
Spellcasting   | |  2.1
Charms         | |  2.4

Action                   || total
-------------------------++-------
Melee: Mace              ||   135
  Use: Scroll            ||    10
       Potion            ||     3
  Eat: Chunk             ||    11
Armor: Ring mail         ||    42
       Leather armour    ||     1
       Skin              ||    29
Dodge: Dodged            ||   110
